[ AOE2 MATCH · #481649154 ]
UnrankedKhmer vs Saracens
[ REPLAY ANALYSIS · EXTRACTED FROM THE RECORDED GAME ]
Feudal
—
Castle
—
Imperial
—
| APM avg | 22.9 |
| APM peak | 39 |
| eAPM avg | 14.1 |
| Villagers / military | 6 / 0 |
Focus
⚔️ 17.6% · 🌾 82.4%
Feudal
—
Castle
—
Imperial
—
| APM avg | 10.4 |
| APM peak | 18 |
| eAPM avg | 6.3 |
| Villagers / military | 4 / 0 |
Focus
⚔️ 0.0% · 🌾 100.0%
Feudal
—
Castle
—
Imperial
—
| APM avg | 34.9 |
| APM peak | 42 |
| eAPM avg | 12.5 |
| Villagers / military | 5 / 0 |
Focus
⚔️ 15.0% · 🌾 85.0%
Feudal
—
Castle
—
Imperial
—
| APM avg | 19.3 |
| APM peak | 35 |
| eAPM avg | 6.3 |
| Villagers / military | 4 / 0 |
Focus
⚔️ 0.0% · 🌾 100.0%
Feudal
—
Castle
—
Imperial
—
| APM avg | 43.2 |
| APM peak | 56 |
| eAPM avg | 21.4 |
| Villagers / military | 10 / 0 |
Focus
⚔️ 31.2% · 🌾 68.8%
Feudal
—
Castle
—
Imperial
—
| APM avg | 37.0 |
| APM peak | 56 |
| eAPM avg | 22.4 |
| Villagers / military | 12 / 0 |
Focus
⚔️ 33.3% · 🌾 66.7%
Match map
Initial resources + every placement click. Lines = walls · curves = elevation contours. ◆ gold · ⬟ stone · ● berries · ✦ relic · ◌ wall gap
Your base
Izaya's base
AlmOsT's base
Xtasy's base
Spieler32626386's base
Genghis Khan D Conqueror's base
Smoothed initial terrain · ◌ = detected wall gap · hover for details
Inputs per minute
— eltigre - - Izaya
Build order — eltigre
9 actions detected in the replay
| 0:02 | Create | Villager (Male) |
| 0:02 | Create | Villager (Male) |
| 0:02 | Create | Villager (Male) |
| 0:02 | Create | Villager (Male) |
| 0:03 | Create | Villager (Male) |
| 0:07 | Build | House |
| 0:10 | Build | House |
| 0:55 | Build | Palisade Wall |
| 1:41 | Create | Villager (Male) |
Build order — Izaya
5 actions detected in the replay
| 0:03 | Build | House |
| 0:04 | Build | House |
| 0:21 | Research | Loom |
| 0:22 | Create | Villager (Male) |
| 0:23 | Create | Villager (Male) ×3 |
Build order — AlmOsT
7 actions detected in the replay
| 0:02 | Build | House |
| 0:04 | Build | House |
| 0:07 | Create | Villager (Male) |
| 0:07 | Create | Villager (Male) |
| 0:19 | Create | Villager (Male) |
| 0:29 | Create | Villager (Male) |
| 1:34 | Create | Villager (Male) |
Build order — Xtasy
6 actions detected in the replay
| 0:01 | Create | Villager (Male) |
| 0:01 | Create | Villager (Male) |
| 0:01 | Create | Villager (Male) |
| 0:02 | Create | Villager (Male) |
| 0:03 | Build | House |
| 0:04 | Build | House |
Build order — Spieler32626386
7 actions detected in the replay
| 0:01 | Create | Villager (Male) ×4 |
| 0:02 | Build | House |
| 0:03 | Build | House |
| 0:16 | Research | Loom |
| 0:17 | Create | Villager (Male) ×3 |
| 0:18 | Create | Villager (Male) ×3 |
| 0:49 | Build | Palisade Wall |
Build order — Genghis Khan D Conqueror
18 actions detected in the replay
| 0:02 | Create | Villager (Male) |
| 0:02 | Create | Villager (Male) |
| 0:02 | Create | Villager (Male) |
| 0:03 | Create | Villager (Male) |
| 0:03 | Create | Villager (Male) |
| 0:03 | Create | Villager (Male) |
| 0:06 | Build | House |
| 0:07 | Build | House |
| 0:09 | Build | House |
| 0:15 | Research | Loom |
| 0:15 | Create | Villager (Male) |
| 0:15 | Create | Villager (Male) |
| 0:16 | Create | Villager (Male) |
| 0:16 | Create | Villager (Male) |
| 0:16 | Create | Villager (Male) |
| 0:16 | Create | Villager (Male) |
| 1:09 | Build | Palisade Wall |
| 1:40 | Build | Palisade Wall |
Match timeline
| 0:49 | Spieler32626386 · wall_segment Palisade Wall x18 |
| 0:55 | eltigre · wall_segment Palisade Wall x9 |
| 1:09 | Genghis Khan D Conqueror · wall_segment Palisade Wall x8 |
| 1:15 | Xtasy · resign |
| 1:40 | Genghis Khan D Conqueror · wall_segment Palisade Wall x19 |
[ AI ANALYSIS · 1 CREDIT ]
What really happened in this match?
Wolo.gg analyzes every decision: build order, eco, micro, common mistakes by bracket. Personalized analysis on WhatsApp or Discord in 30 seconds.
Civ guide
Khmer
Perfil
Jugador #24473375